Get step-by-step instructions on how to execute this build order below. Start the game timer, and the build order will tick by so you can play in parallel with StarCraft on a second screen or mobile device.

Game Time

  0:00

Last Step

  N/A

Next Step

  1  0:00  Probe  

Upcoming Step

  12  0:05  Probe  

Don't want to look back and forth between 2 screens? Try out our Overwolf App, the Spawning Tool Build Advisor to get an in-game overlay with this build!

Complete Build Order

  1  0:00  Probe  
  12  0:05  Probe  
  14  0:18  Pylon  
  14  0:19  Probe  
  15  0:36  Forge, Probe  
  16  1:02  Probe  
  17  1:11  Pylon  
  17  1:12  Pylon  
  17  1:20  Pylon  
  17  1:22  Pylon  
  17  1:33  Photon Cannon  
  17  1:39  Gateway  
  17  1:40  Photon Cannon  
  17  1:42  Pylon  
  17  1:56  Pylon  
  17  2:00  Photon Cannon  
  15  2:08  Probe  
  15  2:13  Assimilator  
  16  2:18  Probe  
  17  2:26  Probe  
  17  2:28  Cybernetics Core  
  17  2:33  Zealot  
  17  2:34  Assimilator  
  17  2:35  Probe  
  21  2:47  Probe  
  22  2:56  Zealot  
  24  3:07  Photon Cannon  
  24  3:08  Pylon